 Dungeon Crawl Stone Soup version 0.27-a0-1060-gcb85b5eba1 (webtiles) character file.

Game seed: 13700803988025386364

227 senseless the Skirmisher (level 5, -5/49 HPs)
             Began as a Minotaur Fighter on Apr 21, 2021.
             Succumbed to Duvessa's poison
             ... on level 4 of the Dungeon.
             The game lasted 00:06:10 (2912 turns).

senseless the Skirmisher (Minotaur Fighter)         Turns: 2912, Time: 00:06:11

Health: -5/49      AC:  8    Str: 22    XL:     5   Next: 70%
Magic:  4/4        EV:  7    Int:  5    God:
Gold:   102        SH:  9    Dex:  9    Spells: 4/4 levels left

rFire    . . .     SeeInvis .   a - +1 long sword
rCold    . . .     Faith    .   c - +0 kite shield
rNeg     . . .     Spirit   .   b - +0 scale mail
rPois    .         Reflect  .   (helmet restricted)
rElec    .         Harm     .   (no cloak)
rCorr    .         Rampage  .   (no gloves)
Will     .....                  h - +0 pair of boots
Stlth    ..........             (no amulet)
HPRegen  0.16/turn              (no ring)
MPRegen  0.09/turn              (no ring)

@: lethally poisoned (-5 -> -30)
A: horns 2, retaliatory headbutt
a: no special abilities


You were on level 4 of the Dungeon.
You visited 1 branch of the dungeon, and saw 4 of its levels.

You collected 102 gold pieces.

Inventory:

Hand Weapons
 a - a +1 long sword (weapon)
Armour
 b - a +0 scale mail (worn)
 c - a +0 kite shield (worn)
 h - a +0 pair of boots (worn)
Potions
 d - a potion of might
 i - a potion of curing
 j - a potion of haste
 l - a potion of brilliance
 m - a potion of resistance {unknown}
 n - a potion of heal wounds {unknown}


   Skills:
 * Level 5.6 Fighting
 + Level 3.9 Long Blades
 + Level 4.7 Armour
 + Level 4.7 Shields


You had 4 spell levels left.
You didn't know any spells.
Your spell library was empty.

Dungeon Overview and Level Annotations

Branches:
Dungeon (4/15)
 Temple: D:4-7

Altars:
Makhleb
Trog
Vehumet

Shops:
D:2 :   D:3 (=!=[

Annotations:
D:4 Dowan, Duvessa


Innate Abilities, Weirdness & Mutations

You have a pair of horns on your head.
You reflexively headbutt those who attack you in melee.


Message History

The ball python hisses angrily.
Dowan, Brother of Duvessa comes into view.
He is wielding a +3 dagger.
Dowan shouts!
The ball python bites you but does no damage.
The ball python grabs you. The ball python constricts you.
Dowan mumbles some strange words.
Dowan blinks!
You closely miss the ball python. You headbutt the ball python.
You kill the ball python!
No target in view!
You see here a ball python corpse.
Duvessa, Sister of Dowan comes into view.
She is wielding a +0 rapier of venom.
Duvessa shouts!
You hear an angry hiss.
Dowan gestures wildly while chanting.
Dowan blinks!
You hit Duvessa. You headbutt Duvessa.
Duvessa is moderately wounded.
Duvessa hits you with a +0 rapier of venom.
You are poisoned.
You block Duvessa's attack.
Dowan says, "Stay away from my face!"
You hit Duvessa. Your headbutt misses Duvessa.
Duvessa is moderately wounded.
You feel very sick.
Duvessa hits you with a +0 rapier of venom.
You are more poisoned.
Dowan says, "Magic and the sword, together, will defeat you."
You hit Duvessa.
Duvessa is heavily wounded.
You feel extremely sick.
Duvessa says, "Where magic fails, the sword succeeds!"
Duvessa hits you with a +0 rapier of venom!
You are more poisoned.
* * * LOW HITPOINT WARNING * * *
You feel extremely sick. You block Duvessa's attack.
You see here a ball python corpse.
* * * LOW HITPOINT WARNING * * *
You feel extremely sick.
You die...

### #.. ... #.#
#.###########
#.##..@.e.e.#
######.##.######.....#
#..<.......# ..####
#)####.##.## ..# #.#
#.#### ..ยง #.# #.#
#.## #.# #.# .# #)#
#.. .# #.# ###


You could see Duvessa and Dowan.

Vanquished Creatures
  A black bear (D:3)
  A crimson imp (D:3)
  4 adders (D:2)
  An adder zombie (D:2)
  A dart slug (D:1)
  3 worms
  2 orcs (D:3)
  6 ball pythons
  3 endoplasms
  A giant cockroach (D:3)
  6 hobgoblins
  2 jackals (D:1)
  5 kobolds
  A quokka (D:3)
  7 bats
  2 frilled lizards
  6 goblins
  3 rats
55 creatures vanquished.

Notes
Turn   | Place    | Note
-------+----------+-------------------------------------------
     0 | D:1      | senseless the Minotaur Fighter began the quest for the Orb.
     0 | D:1      | Reached XP level 1. HP: 19/19 MP: 0/0
   393 | D:1      | Reached XP level 2. HP: 21/27 MP: 1/1
   477 | D:1      | Reached skill level 4 in Fighting
   894 | D:2      | Reached XP level 3. HP: 25/34 MP: 2/2
  1055 | D:2      | Found a faded altar of an unknown god.
  1270 | D:2      | Found Haohox's Book Shoppe.
  1631 | D:2      | Reached XP level 4. HP: 34/41 MP: 3/3
  1881 | D:3      | Found Gul Mypp's Jewellery Boutique.
  1914 | D:3      | Found a bloodstained altar of Trog.
  2009 | D:3      | Found Oklel's Antique Armour Emporium.
  2054 | D:3      | Found a radiant altar of Vehumet.
  2054 | D:3      | Found a burning altar of Makhleb.
  2062 | D:3      | Reached skill level 5 in Fighting
  2080 | D:3      | Noticed a black bear
  2089 | D:3      | Killed a black bear
  2090 | D:3      | Reached XP level 5. HP: 23/48 MP: 4/4
  2253 | D:3      | Found Cosk's Distillery.
  2351 | D:3      | Found Ucubboim's Antique Weapon Emporium.
  2697 | D:3      | Found Suwn's Jewellery Shop.
  2897 | D:4      | Noticed Dowan
  2903 | D:4      | Noticed Duvessa
  2911 | D:4      | HP: 1/49 [poisoned by Duvessa]
  2912 | D:4      | Succumbed to Duvessa's poison

Illustrated notes

Levels and vault maps discovered:
D:1:      matt_arrival_refuge, layout_loops_ring
D:2:      layout_loops_ring, ebering_ecumenical_altar_rust, serial_shops,
          nicolae_shop_behind_doors, st_stairs_4
D:3:      layout_loops_ring, grunt_temple_overflow_lords_of_destruction,
          lightli_temple_of_fire, serial_shops, shop, shop,
          nicolae_shop_statue_plus, shop_statue, shop, grunt_ministairs_12
D:4:      layout_loops_ring, supply_closet_lemuel, serial_park_tiny_1,
          uniq_duvessa

Skill      XL: |  1  2  3  4 |
---------------+-------------+-----
Fighting       | 4 5 |  5.6
Armour         | 4 |  4.7
Long Blades    | 3 |  3.9
Shields        | 4 |  4.7

Action                   |  1- 3 |  4- 6 || total
-------------------------+-------+-------++-------
Melee: Long sword        |    82 |    53 ||   135
       Headbutt          |    13 |    10 ||    23
  Use: Scroll            |       |     6 ||     6
Armor: Scale mail        |    37 |    15 ||    52
Dodge: Dodged            |    28 |     7 ||    35
Block: Kite shield       |    49 |    30 ||    79
       Rpst.: Long sword |    10 |     3 ||    13

Table legend: (Time is in decaauts)
 A = Elapsed time spent in this place.
 B = Non-inter-level travel time spent in this place.
 C = Inter-level travel time spent in this place.
 D = Time resting spent in this place.
 E = Time spent auto-exploring this place.
 F = Levels seen in this place.
 G = Mean time per level.
                   A        B        C        D        E       F      G
               +--------+--------+--------+--------+--------+-----+--------+
         Total |   2972 |   2836 |    136 |    243 |   2224 |   4 |  743.0 |
       Dungeon |   2972 |   2836 |    136 |    243 |   2224 |   4 |  743.0 |
               +--------+--------+--------+--------+--------+-----+--------+

Top non-repeatable levels by time:
     D:3: 1068 daAuts
     D:2: 1011 daAuts
     D:1: 856 daAuts
     D:4: 36 daAuts
